Map: Blackpink LE

Players

Juxtapose - Winner!

  • Race: Terran Terran
  • League: Platinum
  • Spawn Location: 7:00

Auditore

  • Race: Zerg Zerg
  • Spawn Location: 1:00

VOD

https://youtu.be/gc5K6Sxt-sg

Description

I am indeed working on getting a proper expansion going as Terran as I do my push, and that worked pretty well this game.

I also need to work on getting more production structures going.

Time

  • Played on: Feb. 19, 2018, 9:19 a.m.
  • Length: 6:40
Show
View Real Time Build Order
Export as new Build Order

Juxtapose Terran - Winner!

Build Orders:  

Get SALT Encoding   

  12  0:01  SCV  
  13  0:13  SCV  
  14  0:20  Supply Depot  
  14  0:25  SCV  
  15  0:42  SCV  
  16  0:45  Barracks  
  16  0:47  Supply Depot  
  16  0:54  SCV  
  17  0:59  Refinery  
  17  1:06  SCV  
  18  1:18  SCV  
  19  1:27  Refinery  
  19  1:32  Orbital Command  
  19  1:33  Marine  
  20  1:51  Engineering Bay  
  20  1:58  SCV  
  21  2:01  Barracks Reactor  
  21  2:11  SCV  
  21  2:12  Factory  
  22  2:23  SCV  
  23  2:35  SCV, Missile Turret  
  24  2:39  Terran Infantry Weapons Level 1  
  24  2:40  Marine x2  
  25  2:47  SCV  
  26  2:52  Supply Depot  
  26  2:59  SCV  
  26  3:05  Marine x2  
  29  3:15  Factory Tech Lab  
  29  3:23  Marine x2  
  31  3:32  Supply Depot  
  31  3:36  Siege Tank  
  31  3:41  Marine x2  
  36  4:00  Marine x2  
  38  4:05  Command Center  
  38  4:08  Siege Tank  
  41  4:13  SCV  
  42  4:18  Marine x2  
  44  4:33  Terran Infantry Armor Level 1, SCV  
  44  4:36  Marine x2  
  47  4:41  Supply Depot  
  47  5:02  Siege Tank, SCV, Marine x2  
  53  5:11  Supply Depot  
  53  5:14  SCV  
  53  5:20  Marine x2  
  56  5:29  Orbital Command  
  56  5:32  SCV  
  56  5:34  Siege Tank  
  60  5:38  Marine x2  
  62  5:44  SCV  
  61  6:03  Marine x2  
  63  6:04  SCV x2  
Show
View Real Time Build Order
Export as new Build Order

Auditore Zerg 

Build Orders: Hatch First 

Get SALT Encoding   

  12  0:01  Drone  
  13  0:12  Drone  
  14  0:30  Overlord  
  14  0:49  Drone  
  15  0:52  Hatchery  
  14  0:58  Drone  
  14  1:00  Drone x2  
  17  1:15  Spawning Pool  
  17  1:18  Drone  
  17  1:22  Drone  
  18  1:34  Drone  
  18  1:39  Extractor  
  18  1:45  Drone  
  19  2:00  Drone  
  20  2:05  Zergling x2  
  20  2:06  Queen  
  23  2:10  Drone  
  24  2:20  Drone  
  25  2:29  Drone  
  26  2:35  Queen  
  28  2:37  Overlord  
  28  2:47  Overlord  
  28  2:55  Queen  
  30  3:11  Overlord  
  30  3:13  Overlord  
  30  3:15  Drone  
  30  3:16  Drone x2  
  30  3:18  Drone  
  34  3:33  Lair  
  34  3:50  Queen  
  34  3:52  Drone  
  34  3:53  Drone x3  
  40  4:02  Extractor, Drone x2  
  42  4:03  Drone x3  
  44  4:20  Hatchery  
  43  4:26  Queen  
  43  4:27  Evolution Chamber  
  44  4:32  Overlord x2  
  44  5:00  Hydralisk Den  
  44  5:01  Queen  
  45  5:08  Queen  
  45  5:12  Drone x4  
  45  5:13  Drone x8  
  59  5:30  Hydralisk x2  
  63  5:50  Hydralisk x4  
  62  6:05  Hydralisk x5  
Tags
 
League
Platinum
Matchup
TvZ
Spawn Locations
Cross Positions
Add a new tag
Caveats
  • Supply blocks, unpowered buildings, or Contaminate may cause inaccurate times.
  • Supply counts are checked every 10 seconds.